 Dungeon Sprint DCSS version 0.22.1-1-ga44c0e56f4 (webtiles) character file.

2843 MuseOD the Protected (level 9, -3/80 (81) HPs)
             Began as a Hill Orc Fighter on Oct 4, 2018.
             Was the Champion of Beogh.
             Slain by a white ugly thing (29 damage)
             ... in the Dungeon (Sprint V: "Ziggurat Sprint").
             The game lasted 00:05:00 (1481 turns).

MuseOD the Protected (Hill Orc Fighter)             Turns: 1481, Time: 00:05:01

HP:   -3/80 (81)    AC: 18    Str: 25    XL:     9   Next: 74%
MP:   15/18         EV:  8    Int:  8    God:    Beogh [******]
Gold: 0             SH:  0    Dex: 19    Spells: 8/8 levels left

rFire    . . .     SeeInvis .   c - +5 executioner's axe
rCold    . . .     Gourm    .   (shield currently unavailable)
rNeg     . . .     Faith    .   F - +2 plate armour {rPois}
rPois    +         Spirit   .   (no helmet)
rElec    .         Reflect  .   (no cloak)
rCorr    .         Harm     .   (no gloves)
MR       .....     NoTele   +   (no boots)
Stlth    ..........             (no amulet)
HPRegen  0.23/turn              A - +6 ring of strength
MPRegen  0.16/turn              x - +6 ring of dexterity

@: lethally poisoned (-3 -> -10), studying 2 skills
A: walk on water, frail 1
a: Smiting, Recall Orcish Followers, Give Item to Named Follower, Resurrection,
Renounce Religion


You were in the Dungeon.
You worshipped Beogh.
Beogh was exalted by your worship.
You were near starving.

You visited 1 branch

Inventory:

Hand Weapons
 c - a +5 executioner's axe (weapon)
 K - the +9 morningstar of the Endless March {flame, *Contam +Fly rPois}
   (You found it in the Dungeon)

   It has been specially enchanted to burn those struck by it, causing extra
   injury to most foes and up to half again as much damage against particularly
   susceptible opponents.
   It protects you from poison.
   It lets you fly.
   It causes magical contamination when unequipped.
Armour
 b - a +0 scale mail
 l - +5 gold dragon scales
 F - a +2 plate armour of poison resistance (worn)
 N - a +2 scale mail of positive energy
Jewellery
 w - an uncursed ring of wizardry
 x - a +6 ring of dexterity (right hand)
 y - a cursed +3 ring of evasion
 z - an uncursed ring of protection from fire
 A - a +6 ring of strength (left hand)
 G - an uncursed ring of protection from magic
 I - the cursed ring of Brilliance {rF+ Str-6}
   (You found it in the Dungeon)

   [ring of strength]

   It affects your strength (-6).
   It protects you from fire.
   It has a curse placed upon it.
 J - a +3 ring of strength
 L - an uncursed ring of ice
 M - the ring "Zood" {rC+ rN+ Int+3}
   (You found it in the Dungeon)

   [ring of protection from cold]

   It affects your intelligence (+3).
   It protects you from cold.
   It protects you from negative energy.
Wands
 o - a wand of flame (34)
 C - a wand of disintegration (7)
 D - a wand of iceblast (6)
 E - a wand of acid (6)
Scrolls
 k - 4 scrolls of blinking
 q - 4 scrolls of amnesia
 r - 7 scrolls of fog
 s - a scroll of holy word
 t - 5 scrolls of identify
 u - 5 scrolls of remove curse
 v - 2 scrolls of fear
Potions
 a - 2 potions of brilliance
 d - 6 potions of might
 e - 11 potions of curing
 g - 10 potions of heal wounds
 h - 6 potions of haste
 i - 7 potions of magic
 j - 2 potions of berserk rage
 m - 2 potions of invisibility
 n - 4 potions of resistance
 p - 5 potions of agility
Books
 B - a manual of Slings
 H - a manual of Hexes
Comestibles
 f - 7 rations


   Skills:
 + Level 12.1 Fighting
 + Level 12.7 Axes
 * Level 14.8 Armour
   Level 3.2 Shields
 + Level 12.4 Invocations
 - Level 2.6 Evocations


You had 8 spell levels left.
You didn't know any spells.
Your spell library was empty.

Dungeon Overview and Level Annotations

Branches:
Dungeon (1/1)

Altars:
Ashenzari
Cheibriados
Dithmenos
Elyvilon
Fedhas
Gozag
Hepliaklqana
Kikubaaqudgha
Makhleb
Nemelex Xobeh
Okawaru
Qazlal
Ru
Sif Muna
Trog
Uskayaw
Vehumet
Wu Jian
Xom
Yredelemnul
Zin
The Shining One
Beogh
Jiyva
Lugonu

Annotations:
D 1 transporter


Innate Abilities, Weirdness & Mutations

You can walk on water.
You are frail. (-10% HP)


Message History

The black mamba bites you but does no damage.
The white ugly thing pecks you! The white ugly thing freezes you!!
The neqoxec gestures.
Your orc warrior hits the shining eye with a mace!
The black mamba bites you.
You are poisoned.
The black mamba poisons you!
Your orc warrior hits the white ugly thing with a glaive!!
You hit the wind drake.
The wind drake is lightly wounded.
You slash the black mamba!
Your plate armour prevents you from hitting the white ugly thing.
You slice the shining eye!!
You kill the shining eye!
Beogh accepts your kill.
Your Fighting skill increases to level 12!
Your orc warrior looks more experienced.
You feel sick. The black mamba bites you! The white ugly thing pecks you!
The white ugly thing freezes you!!
You die...

▓▓▓▓▓▓▓▓▓▓▓▓▓▓▓▓▓▓▓
▓...8©8...▓
▓..[)):)..▓
▓...=(}...▓
▓....(....▓
▓..G.53.5.▓
▓..o.5....▓
▓..u.uSG..▓
▓.▓.k@o.▓.▓
▓....©....▓
▓▓▓▓▓▓▓▓▓▓▓


You could see 2 ugly things, a wind drake shaped shifter, 2 shining eyes, a
black mamba, a neqoxec, 2 quasits, an ufetubus, a friendly orc knight and a
friendly orc warrior.

Vanquished Creatures
  A shining eye (D)
  A black mamba (D)
  A meliai (shapeshifter) (D)
  Sigmund (D)
  A basilisk (D)
  A naga (D)
  A water moccasin (D)
  2 porcupines (D)
  2 necrophages (D)
  Blork the orc (D)
  2 crimson imps (D)
  4 orc priests (D)
  3 orc wizards (D)
  An iron imp (D)
  Jessica (D)
  A river rat (D)
  2 adders (D)
  An ufetubus (D)
  An adder skeleton (D)
  A bat skeleton (D)
  A jackal (D)
  A leopard gecko skeleton (D)
31 creatures vanquished.

Vanquished Creatures (collateral kills)
  A black mamba (D)
  2 porcupines (D)
  An orc warrior (D)
  3 water moccasins (D)
  A bullfrog (D)
  A quasit (D)
  An orc priest (D)
  A river rat (D)
  A white imp (D)
  A jackal (D)
13 creatures vanquished.

Vanquished Creatures (others)
  An orc (D)
1 creature vanquished.

Grand Total: 45 creatures vanquished

Notes
Turn   | Place    | Note
-------+----------+-------------------------------------------
     0 | D        | Found the +6 Majin-Bo {vamp, Archmagi MP+6 Int+6}
     0 | D        | Found the +7 great mace "Firestarter" {inner flame, rF++}
     0 | D        | MuseOD the Hill Orc Fighter began the quest for the Orb.
     0 | D        | Reached XP level 1. HP: 19/19 MP: 1/1
     5 | D        | Found a blossoming altar of Fedhas.
    12 | D        | Found a viscous altar of Jiyva.
    12 | D        | Found a hazy altar of Hepliaklqana.
    12 | D        | Found a transporter.
    12 | D        | Found an opulent altar of Gozag.
    12 | D        | Found an ancient bone altar of Kikubaaqudgha.
    12 | D        | Found a corrupted altar of Lugonu.
    21 | D        | Became a worshipper of Beogh the Brigand
    28 | D        | Found a bloodstained altar of Trog.
    28 | D        | Found a deep blue altar of Sif Muna.
    28 | D        | Found a sacrificial altar of Ru.
    28 | D        | Found a stormy altar of Qazlal.
    28 | D        | Found an iron altar of Okawaru.
    30 | D        | Found a sparkling altar of Nemelex Xobeh.
    32 | D        | Found a burning altar of Makhleb.
    50 | D        | Reached skill level 5 in Fighting
    50 | D        | Reached skill level 5 in Armour
    50 | D        | Reached XP level 2. HP: 29/29 MP: 1/4
    86 | D        | Entered arena 2.
    86 | D        | Found a transporter.
    89 | D        | Reached skill level 5 in Axes
    89 | D        | Reached skill level 6 in Armour
    89 | D        | Reached XP level 3. HP: 36/36 MP: 4/6
    92 | D        | Reached * piety under Beogh
    92 | D        | Reached skill level 7 in Armour
    92 | D        | Reached XP level 4. HP: 33/44 MP: 4/7
   171 | D        | Entered arena 3.
   171 | D        | Noticed Sigmund
   171 | D        | Noticed Jessica
   171 | D        | Noticed Blork the orc
   171 | D        | Found a transporter.
   175 | D        | Killed Jessica
   175 | D        | Reached skill level 5 in Invocations
   178 | D        | Killed Blork the orc
   178 | D        | Reached skill level 8 in Armour
   178 | D        | Reached XP level 5. HP: 27/52 MP: 7/9
   179 | D        | Killed Sigmund
   179 | D        | Reached ** piety under Beogh
   179 | D        | Reached skill level 10 in Armour
   179 | D        | Reached XP level 6. HP: 31/61 MP: 7/11
   475 | D        | Entered arena 4.
   475 | D        | Found a transporter.
   481 | D        | Reached *** piety under Beogh
   481 | D        | Reached XP level 7. HP: 27/69 MP: 11/13
   685 | D        | Entered arena 5.
   685 | D        | Found a transporter.
   690 | D        | Reached **** piety under Beogh
   690 | D        | Reached skill level 11 in Armour
   808 | D        | Entered arena 6.
   808 | D        | Found a transporter.
   811 | D        | Reached skill level 10 in Axes
   812 | D        | Reached ***** piety under Beogh
   857 | D        | Entered arena 7.
   858 | D        | Found a transporter.
   859 | D        | Reached XP level 8. HP: 78/78 MP: 15/15
   861 | D        | Reached skill level 12 in Armour
   993 | D        | Entered arena 8.
   994 | D        | Found a transporter.
   997 | D        | Reached skill level 10 in Invocations
   999 | D        | Reached skill level 10 in Fighting
  1000 | D        | Reached ****** piety under Beogh
  1008 | D        | Got the cursed ring of Brilliance {rF+ Str-6}
  1012 | D        | Got the +9 morningstar of the Endless March {flame, *Contam
                  | +Fly rPois}
  1015 | D        | Entered arena 9.
  1028 | D        | Found a transporter.
  1076 | D        | Entered arena 10.
  1076 | D        | Noticed a black mamba
  1076 | D        | Noticed a black mamba
  1078 | D        | Reached skill level 13 in Armour
  1079 | D        | Found a transporter.
  1080 | D        | Killed a black mamba
  1080 | D        | Reached XP level 9. HP: 65/88 MP: 10/17
  1085 | D        | Killed a black mamba
  1085 | D        | Reached skill level 14 in Armour
  1136 | D        | Got the ring "Zood" {rC+ rN+ Int+3}
  1475 | D        | Entered arena 11.
  1475 | D        | Noticed a jumping spider
  1475 | D        | Noticed a red ugly thing
  1475 | D        | Noticed a white ugly thing
  1475 | D        | Noticed a black mamba
  1475 | D        | Noticed a shining eye
  1475 | D        | Noticed a shining eye
  1475 | D        | Noticed a shining eye
  1475 | D        | Noticed a meliai
  1475 | D        | Gained mutation: You are frail. (-10% HP) [a shining eye]
  1478 | D        | Killed a meliai
  1479 | D        | Found a transporter.
  1480 | D        | Noticed a wind drake
  1480 | D        | a jumping spider changed into a wind drake
  1481 | D        | Killed a shining eye
  1481 | D        | Slain by a white ugly thing

Skill      XL: |  1  2  3  4  5  6  7  8  9 |
---------------+----------------------------+-----
Fighting       | 5 6 7 8 9 11 12 | 12.1
Axes           | 4 5 7 8 10 11 12 | 12.7
Armour         | 5 6 7 8 10 11 13 14 | 14.8
Invocations    | 3 4 6 7 8 9 11 12 | 12.4
Evocations     | 2 |  2.6
Shields        | |  3.2

Action                   |  1- 3 |  4- 6 |  7- 9 || total
-------------------------+-------+-------+-------++-------
Melee: Executioner's axe |     5 |     9 |    26 ||    40
Invok: Smiting           |       |       |     6 ||     6
Evoke: Wand              |       |       |     2 ||     2
  Use: Potion            |     1 |     1 |       ||     2
Armor: Scale mail        |     3 |     5 |     9 ||    17
       Plate armour      |       |       |    55 ||    55
Dodge: Dodged            |     3 |     4 |    32 ||    39
